 Dungeon Crawl Stone Soup version 0.23.2-40-g277498a001 (webtiles) character file.

Game seed: 11216087183387998275

288 ANON1729 the Chopper (level 6, 0/56 HPs)
             Began as a Naga Gladiator on Sept 17, 2019.
             Was a Believer of Cheibriados.
             Slain by an adder (1 damage)
             ... on level 4 of the Dungeon.
             The game lasted 00:04:26 (2542 turns).

ANON1729 the Chopper (Naga Gladiator)               Turns: 2542, Time: 00:04:26

Health: 0/56       AC:  5    Str: 25    XL:     6   Next: 31%
Magic:  6/6        EV: 11    Int: 17    God:    Cheibriados [**....]
Gold:   177        SH:  0    Dex: 16    Spells: 5/5 levels left

rFire    . . .     SeeInvis +   a - +0 war axe
rCold    . . .     Gourm    .   (no shield)
rNeg     + . .     Faith    .   n - +0 robe {rN+}
rPois    +         Spirit   .   c - +0 helmet
rElec    +         Reflect  .   t - +0 cloak
rCorr    .         Harm     .   (no gloves)
MR       .....                  (no barding)
Stlth    +.........             (no amulet)
HPRegen  0.18/turn              (no ring)
MPRegen  0.10/turn              (no ring)

@: brilliant, lethally poisoned (0 -> -1), very slow
A: large, see invisible, deformed body, poison resistance, electricity
resistance, slowness 2, slow metabolism 1, spit poison 1, strong 1, subdued
magic 1, MP-powered wands, AC +2
a: Spit Poison, Bend Time, Renounce Religion


You were on level 4 of the Dungeon.
You worshipped Cheibriados.
Cheibriados was pleased with you.
You were very hungry.

You visited 1 branch of the dungeon, and saw 4 of its levels.

You collected 177 gold pieces.

Inventory:

Hand Weapons
 a - a +0 war axe (weapon)
Missiles
 d - 3 throwing nets (quivered)
Armour
 b - a +0 leather armour
 c - a +0 helmet (worn)
 n - a +0 robe of positive energy (worn)
 t - a +0 cloak (worn)
Jewellery
 g - an uncursed ring of ice
 p - an uncursed amulet of the acrobat {unknown}
 v - an uncursed ring of protection from fire {unknown}
Wands
 s - a wand of iceblast (5)
Scrolls
 e - 2 scrolls of remove curse {unknown}
 i - a scroll of magic mapping {unknown}
 j - 3 scrolls of identify {unknown}
 k - a scroll of enchant armour {unknown}
 m - a scroll of fog {unknown}
 o - 2 scrolls of teleportation {unknown}
 r - a scroll of blinking {unknown}
Potions
 q - 2 potions of brilliance
Comestibles
 f - 12 rations


   Skills:
 + Level 3.5 Fighting
 + Level 4.1 Axes
 + Level 3.2 Throwing
 + Level 1.8 Armour
 - Level 3.0 Dodging


You had 5 spell levels left.
You didn't know any spells.
Your spell library was empty.

Dungeon Overview and Level Annotations

Branches:
Dungeon (4/15)
 Temple: D:4-7

Altars:
Cheibriados
Fedhas
Trog
Wu Jian

Annotations:
D:3 1 runed translucent door, raetorn's ghost, amateur DrTm
D:4 Robin


Innate Abilities, Weirdness & Mutations

You cannot wear boots.
Your serpentine skin is tough. (AC +2)
You have supernaturally acute eyesight. (SInv)
Armour fits poorly on your strangely shaped body.
Your system is resistant to poisons. (rPois)
You cover ground very slowly.
You have a slow metabolism.
You can spit poison.
You are resistant to electric shocks. (rElec)
Your muscles are strong. (Str +2)
Your spells are a little easier to cast, but a little less powerful.
You expend magic power (3 MP) to strengthen your wands.


Message History

You closely miss the giant cockroach.
You feel sick. The adder closely misses you.
The giant cockroach barely misses you.
A hound comes into view.
The adder bites you.
* * * LOW HITPOINT WARNING * * *
Okay, then.
You closely miss the adder.
The adder is severely wounded.
You closely miss the giant cockroach.
The hound barks!
You hear an angry hiss.
You hear a bark!
The hobgoblin no longer looks unusually strong. x3
The giant cockroach bites you but does no damage.
The adder barely misses you. The giant cockroach closely misses you.
Unknown command.
You closely miss the adder.
The adder is severely wounded.
You hit the giant cockroach but do no damage.
* * * LOW HITPOINT WARNING * * *
You feel sick. The adder bites you.
You die...

#......#
##......#
#......<#
##..###### #..##
####..# #.....#
#...))## ## #
#.....#@S####.#..
#..#####shg......
#>#######ag.....#
#.....g..Oglh....
####hs.[.......
#...hg####...##
.....l# ....#
##..gS ...) #...l
...


You could see an ogre, a hound, a worker ant, an adder, a leopard gecko, a
jackal, a giant cockroach and 3 hobgoblins.

Vanquished Creatures
  A howler monkey (D:4)
  A hound (D:4)
  A bullfrog zombie (D:4)
  A worker ant (D:4)
  A howler monkey skeleton (D:4)
  4 adders
  A shadow imp (D:3)
  An ooze (D:2)
  3 worms
  4 dart slugs
  4 leopard geckos
  5 orcs (D:3)
  2 ball pythons (D:2)
  2 giant cockroaches (D:3)
  15 goblins
  9 hobgoblins
  7 jackals
  4 kobolds
  4 bats
  4 frilled lizards
  6 rats
80 creatures vanquished.

Notes
Turn   | Place    | Note
-------+----------+-------------------------------------------
     0 | D:1      | ANON1729 the Naga Gladiator began the quest for the Orb.
     0 | D:1      | Reached XP level 1. HP: 19/19 MP: 1/1
    87 | D:1      | Reached XP level 2. HP: 24/26 MP: 2/2
   344 | D:1      | Reached XP level 3. HP: 24/33 MP: 3/3
   826 | D:2      | Found a blossoming altar of Fedhas.
  1073 | D:2      | Reached XP level 4. HP: 30/40 MP: 4/4
  1130 | D:2      | Found a snail-covered altar of Cheibriados.
  1150 | D:2      | Became a worshipper of Cheibriados the Contemplative
  1391 | D:3      | Found a runed translucent door.
  1391 | D:3      | Noticed raetorn's ghost (amateur DrTm)
  1510 | D:3      | Found a bloodstained altar of Trog.
  1850 | D:3      | Reached * piety under Cheibriados
  1868 | D:3      | Reached skill level 1 in Armour
  1889 | D:3      | Reached XP level 5. HP: 40/48 MP: 5/5
  2331 | D:4      | Found an ornate altar of the Wu Jian Council.
  2505 | D:4      | Noticed Robin
  2514 | D:4      | Reached skill level 4 in Axes
  2515 | D:4      | Reached XP level 6. HP: 15/56 MP: 6/6
  2522 | D:4      | HP: 1/56 [worker ant (4)]
  2526 | D:4      | Gained mutation: Your muscles are strong. (Str +2) [potion
                  | of mutation]
  2526 | D:4      | Gained mutation: Your spells are a little easier to cast,
                  | but a little less powerful. [potion of mutation]
  2526 | D:4      | Gained mutation: You are resistant to electric shocks.
                  | (rElec) [potion of mutation]
  2526 | D:4      | Gained mutation: You expend magic power (3 MP) to
                  | strengthen your wands. [potion of mutation]
  2529 | D:4      | Reached ** piety under Cheibriados
  2540 | D:4      | HP: 2/56 [adder (3)]
  2542 | D:4      | Slain by an adder

Skill      XL: |  1  2  3  4  5 |
---------------+----------------+-----
Throwing       | 2 3 |  3.2
Dodging        | 3 |  3.0
Armour         | 1 |  1.8
Fighting       | 3 |  3.5
Axes           | 4 |  4.1

Action                   |  1- 3 |  4- 6 || total
-------------------------+-------+-------++-------
Melee: War axe           |   115 |   135 ||   250
 Abil: Spit Poison       |       |     1 ||     1
  Use: Potion            |       |     7 ||     7
  Eat: Chunk             |       |     3 ||     3
Armor: Leather armour    |    30 |       ||    30
       Robe              |     4 |    57 ||    61
Dodge: Dodged            |    90 |   141 ||   231
